 Dungeon Crawl Stone Soup version 0.26.1-11-gd32895ea62 (webtiles) character file.

Game seed: 447934129383515881

7177 Almogavar the Thaumaturge (level 10, -2/50 HPs)
             Began as a Deep Elf Conjurer on May 26, 2021.
             Was a Believer of Sif Muna.
             Hit by a large rock thrown by a cyclops (46 damage)
             ... on level 9 of the Dungeon.
             The game lasted 00:53:25 (11447 turns).

Almogavar the Thaumaturge (Deep Elf Conjurer)      Turns: 11447, Time: 00:53:26

Health: -2/50      AC:  8    Str:  4    XL:     10   Next: 86%
Magic:  37/39      EV: 14    Int: 27    God:    Sif Muna [**....]
Gold:   459        SH:  0    Dex: 13    Spells: 22/37 levels left

rFire    . . .     SeeInvis .   g - +2 dagger (venom)
rCold    . . .     Faith    .   (no shield)
rNeg     . . .     Spirit   .   F - +1 steam dragon scales
rPois    .         Reflect  .   t - +0 helmet
rElec    .         Harm     +   d - scarf {harm}
rCorr    .         Rampage  .   l - +0 pair of gloves
Will     +....                  (no boots)
Stlth    +++.......             (no amulet)
HPRegen  0.16/turn              i - ring of magical power
MPRegen  0.26/turn              I - ring of wizardry

@: no status effects
A: no striking features
a: Renounce Religion, Channel Magic


You were on level 9 of the Dungeon.
You worshipped Sif Muna.
Sif Muna was pleased with you.
You visited 1 branch of the dungeon, and saw 9 of its levels.

You collected 514 gold pieces.
You spent 55 gold pieces at shops.

Inventory:

Hand Weapons
 g - a +2 dagger of venom (weapon)
 E - a +5 dagger
Armour
 a - a +0 robe
 d - a scarf of harm (worn)
 e - a +0 leather armour
 l - a +0 pair of gloves (worn)
 t - a +0 helmet (worn)
 y - a cursed +0 ring mail
 F - +1 steam dragon scales (worn)
 L - a +0 cloak
 S - a +3 chain mail of willpower
Jewellery
 i - a ring of magical power (left hand)
 o - an uncursed ring of willpower
 H - an uncursed ring of protection from fire
 I - a ring of wizardry (right hand)
Wands
 s - a wand of iceblast (14)
 v - a wand of polymorph (6)
 C - a wand of random effects (50)
 M - a wand of acid (14)
 Q - a wand of paralysis (13)
Scrolls
 b - a scroll of teleportation
 j - a scroll of enchant weapon
 k - a scroll of enchant armour
 m - 5 scrolls of remove curse
 r - a scroll of fog
 x - 4 scrolls of amnesia
 D - 3 scrolls of magic mapping {unknown}
 G - a scroll of acquirement {unknown}
 J - 3 scrolls of blinking {unknown}
 O - 4 scrolls of fear {unknown}
 P - a scroll of noise {unknown}
Potions
 c - 6 potions of heal wounds
 f - 2 potions of haste
 h - a potion of might
 n - 2 potions of brilliance
 p - 2 potions of magic
 u - 2 potions of curing
 w - 2 potions of cancellation
 z - 3 potions of lignification
 A - a potion of invisibility
 B - 5 potions of resistance
 N - a potion of attraction {unknown}
 R - a potion of ambrosia {unknown}
Miscellaneous
 q - a box of beasts


   Skills:
 + Level 0.1 Fighting
 + Level 4.6 Dodging
 + Level 6.0 Stealth
 + Level 14.4 Spellcasting
 + Level 12.4 Conjurations
 + Level 1.0 Translocations
 + Level 0.2 Earth Magic


You had 22 spell levels left.
You knew the following spells:

 Your Spells              Type           Power        Failure   Level
a - Magic Dart            Conj           100%         0%          1
b - Searing Ray           Conj           100%         1%          2
c - Dazzling Flash        Conj/Hex       100%         1%          3
d - Iskenderun's Mystic   Conj/Tloc      54%          1%          4
e - Lee's Rapid Deconstr  Erth           10%          26%         5

Your spell library contained the following spells:

 Spells                   Type           Power        Failure   Level
 Animate Skeleton         Necr           38%          1%          1
 Beastly Appendage        Tmut           38%          1%          1
 Freeze                   Ice            76%          1%          1
 Pain                     Necr           76%          1%          1
 Sandblast                Erth           42%          1%          1
 Passwall                 Tmut/Erth      16%          1%          2
 Wereblood                Tmut           19%          1%          2
 Stone Arrow              Conj/Erth      100%         1%          3
 Fulminant Prism          Conj/Hex       26%          1%          4
 Gell's Gravitas          Tloc           12%          2%          3
 Confusing Touch          Hex            19%          3%          3
 Spider Form              Tmut/Pois      9%           3%          3
 Vampiric Draining        Necr           9%           3%          3
 Animate Dead             Necr           9%           11%         4
 Ice Form                 Ice/Tmut       19%          11%         4
 Petrify                  Tmut/Erth      20%          11%         4
 Agony                    Necr           19%          28%         5
 Blade Hands              Tmut           9%           28%         5
 Metabolic Englaciation   Hex/Ice        9%           28%         5
 Yara's Violent Unravell  Hex/Tmut       9%           28%         5


Dungeon Overview and Level Annotations

Branches:
Dungeon (9/15)             Temple (0/1) D:7
   Lair: D:8-11         Orc: D:9-12

Altars:
Ashenzari
Cheibriados
Dithmenos
Fedhas
Makhleb
Sif Muna
Yredelemnul

Shops:
D:6 *

Annotations:
D:8 3 runed translucent doors, hallab's ghost, novice DrGl


Message History

Press: ? - help, Shift-Dir - straight line, f - cyclops
Aim: a cyclops, quivering 5 large rocks (wandering, hasn't noticed you, 0% to evade)
The magic dart hits the cyclops.
The cyclops is lightly wounded.
The cyclops throws a large rock.
The large rock hits you!
A scorpion comes into view.
You see here an arrow.
You start resting.
A cyclops is nearby!
Casting: Magic Dart (safe; 0% risk of failure)
Confirm with . or Enter, or press ? or * to list all spells.
Aiming: Searing Ray (safe; 1% risk of failure)
Press: ? - help, Shift-Dir - straight line, f/p - cyclops
Aim: a cyclops, quivering 4 large rocks (lightly wounded, 2% to evade)
The searing ray hits the cyclops.
The cyclops is moderately wounded. (Press . to maintain the ray.)
The cyclops throws a large rock.
The large rock hits you!!!
Ouch! That really hurt!
You die...

###..# ##.###.# #..#
####.###..###.## s.###.##
.....(##.###...## C###..#
####.....##.....## )###.##
#####...##...#...## .##..##
...##)(.#...###...# .##...####
.......##..## ##..##.#.......#
.>#.##.#.#.#######.#C#......##
#.#....#.##.....@..(##......#
..#...##.##.#.#.#.#.#.......#
..##..#...###†#.#.###...)...#
.....##...##..#.#..#........#
.....#..#..##.#.#.##.......##
....##..#†.##.#.#.#.(.....##
....#...††..###.###...#####
...###.....###...#....#
...#.###.###.##.##...##


You could see a cyclops.

Vanquished Creatures
  Harold (D:8)
  A two-headed ogre (D:8)
  Pikel (D:5)
  A gargoyle (D:9)
  Maggie (D:6)
  Prince Ribbit (D:7)
  2 water moccasins
  A black bear (D:8)
  2 ice beasts
  3 phantoms
  3 orc warriors (D:8)
  5 ogres
  7 centaurs
  3 lemures (D:5)
  6 bullfrogs
  A gnoll sergeant (D:8)
  A wyvern zombie (D:7)
  A water moccasin zombie (D:6)
  3 scorpions
  A water moccasin skeleton (D:8)
  8 wights
  A howler monkey (D:6)
  A quasit (D:7)
  3 bullfrog zombies
  2 jellies
  Crazy Yiuf (D:7)
  A centaur zombie (D:7)
  A gnoll shaman (D:4)
  5 orc priests
  7 hounds
  5 orc wizards
  A bullfrog skeleton (D:8)
  2 centaur skeletons
  3 iron imps (D:9)
  5 worker ants
  A mummy (D:9)
  2 worker ant zombies (D:9)
  22 gnolls
  12 adders
  A shadow imp (D:7)
  3 white imps
  2 adder zombies
  An adder skeleton (D:4)
  2 worms
  A dart slug (D:1)
  5 leopard geckos
  23 orcs
  8 bats
  3 giant cockroaches
  9 goblins
  4 hobgoblins
  12 jackals
  3 quokkas
  A ball python (D:1)
  7 frilled lizards
  A jackal zombie (D:6)
  3 kobolds
  10 rats
227 creatures vanquished.

Notes
Turn   | Place    | Note
-------+----------+-------------------------------------------
     0 | D:1      | Almogavar the Deep Elf Conjurer began the quest for the
                  | Orb.
     0 | D:1      | Reached XP level 1. HP: 10/10 MP: 6/6
   420 | D:1      | Reached XP level 2. HP: 15/15 MP: 6/8
   423 | D:1      | Learned a level 2 spell: Searing Ray
  1084 | D:1      | Reached skill level 5 in Conjurations
  1730 | D:2      | Found a broken altar of Ashenzari.
  1820 | D:2      | Reached XP level 3. HP: 19/19 MP: 10/10
  1909 | D:2      | Reached XP level 4. HP: 24/24 MP: 11/11
  2022 | D:2      | You fall into a shaft and drop 1 floor!
  2302 | D:3      | Reached skill level 4 in Spellcasting
  2734 | D:3      | Reached XP level 5. HP: 28/28 MP: 13/13
  2842 | D:3      | Found a shadowy altar of Dithmenos.
  3334 | D:4      | Reached skill level 5 in Spellcasting
  3334 | D:4      | Reached XP level 6. HP: 32/32 MP: 15/15
  3567 | D:4      | Learned a level 3 spell: Dazzling Flash
  3994 | D:4      | Reached skill level 6 in Spellcasting
  4315 | D:5      | Entered Level 5 of the Dungeon
  4398 | D:5      | Noticed an ice beast
  4402 | D:5      | Killed an ice beast
  4403 | D:5      | Reached XP level 7. HP: 36/36 MP: 18/18
  4793 | D:5      | Reached skill level 7 in Spellcasting
  4834 | D:5      | Noticed Pikel
  4970 | D:5      | Killed Pikel
  4971 | D:5      | Reached skill level 8 in Spellcasting
  4971 | D:5      | Reached XP level 8. HP: 22/41 MP: 22/22
  5613 | D:6      | Reached skill level 5 in Stealth
  5682 | D:6      | Reached skill level 9 in Spellcasting
  5945 | D:6      | Found Sugokle Gonn's General Store.
  6036 | D:6      | Bought a potion of heal wounds for 55 gold pieces
  6110 | D:6      | Noticed Maggie
  6111 | D:6      | Reached skill level 10 in Spellcasting
  6114 | D:6      | Reached XP level 9. HP: 45/45 MP: 25/25
  6120 | D:6      | Killed Maggie
  6121 | D:6      | Reached skill level 10 in Conjurations
  6421 | D:6      | Found a shimmering blue altar of Sif Muna.
  6429 | D:6      | Became a worshipper of Sif Muna the Loreminder
  6659 | D:6      | Identified Sif Muna's Papyrus of Cold
  6674 | D:6      | Learned a level 4 spell: Iskenderun's Mystic Blast
  7181 | D:7      | Found a staircase to the Ecumenical Temple.
  7368 | D:7      | Found a runed translucent door.
  7369 | D:7      | Noticed Crazy Yiuf
  7402 | D:7      | Noticed Prince Ribbit
  7409 | D:7      | Killed Prince Ribbit
  7410 | D:7      | Reached skill level 11 in Spellcasting
  8112 | D:7      | Killed Crazy Yiuf
  8285 | D:8      | Reached skill level 12 in Spellcasting
  8337 | D:8      | Reached * piety under Sif Muna
  8701 | D:8      | Reached XP level 10. HP: 50/50 MP: 28/28
  8849 | D:8      | Reached skill level 13 in Spellcasting
  8987 | D:8      | Found a runed translucent gate.
  8992 | D:8      | Found a runed translucent gate.
  8993 | D:8      | Found a runed translucent gate.
  8995 | D:8      | Noticed hallab's ghost (novice DrGl)
  9116 | D:8      | Noticed Harold
  9131 | D:8      | Killed Harold
  9131 | D:8      | Reached ** piety under Sif Muna
  9480 | D:8      | Noticed a two-headed ogre
  9489 | D:8      | Killed a two-headed ogre
  9573 | D:9      | Noticed a gargoyle
  9742 | D:8      | Reached skill level 14 in Spellcasting
 10405 | D:9      | Found a blossoming altar of Fedhas.
 10614 | D:9      | Found a snail-covered altar of Cheibriados.
 10914 | D:9      | Learned a level 5 spell: Lee's Rapid Deconstruction
 10968 | D:9      | Killed a gargoyle
 11027 | D:9      | Found a basalt altar of Yredelemnul.
 11133 | D:9      | Reached skill level 1 in Translocations
 11192 | D:9      | Found a burning altar of Makhleb.
 11438 | D:9      | Noticed a cyclops
 11447 | D:9      | Hit by a large rock thrown by a cyclops

Illustrated notes

Levels and vault maps discovered:
D:1:      amcnicky_arrival_wind_blow, layout_basic
D:2:      layout_rooms, overflow_temple_1_default
D:3:      layout_basic, nicolae_dithmenos_shadow_blocks, corexii_hall_statues_x,
          roderic_roman_lattice, grunt_ministairs_8, minmay_misc_feat_plants,
          nrook_mini_backslash
D:4:      layout_gridville, minivault_11
D:5:      layout_loops_corners, uniq_pikel
D:6:      layout_loops_ring, led_sif_book, serial_shops, shop, uniq_maggie
D:7:      layout_loops_ring, minmay_temple_entry_wispy, uniq_crazy_yiuf_cottage,
          uniq_prince_ribbit1
D:8:      layout_rooms, ebering_ghost_rock_garden, uniq_harold
D:9:      minmay_the_grid_triangle_9x9_rhombus_thin
          [minmay_the_grid_triangle_9x9_sprig,
          minmay_the_grid_triangle_9x9_prize_insulated,
          minmay_the_grid_triangle_9x9_dagger,
          minmay_the_grid_triangle_9x9_from_above], layout_rooms, demons_altar,
          marbit_many_paths, slow_altar_1, fedhas_bush_and_centaur_altar

Skill      XL: |  1  2  3  4  5  6  7  8  9 10 |
---------------+-------------------------------+-----
Conjurations   | 5 6 7 8 9 11 12 | 12.4
Spellcasting   | 4 5 6 8 10 12 14 | 14.4
Stealth        | 3 4 5 6 |  6.0
Dodging        | 3 4 |  4.6
Translocations | 1 |  1.0
Fighting       | |  0.1
Earth Magic    | |  0.2

Action                   |  1- 3 |  4- 6 |  7- 9 | 10-12 || total
-------------------------+-------+-------+-------+-------++-------
 Cast: Magic Dart        |    27 |    64 |    79 |    49 ||   219
       Searing Ray       |    13 |    32 |    66 |    44 ||   155
       Iskenderun's Myst |       |       |     2 |     8 ||    10
       Lee's Rapid Decon |       |       |       |     2 ||     2
  Use: Scroll            |     2 |     5 |     6 |     7 ||    20
       Potion            |       |       |     1 |     1 ||     2
Armor: Robe              |     2 |     1 |       |       ||     3
       Steam dragon scal |       |       |     5 |     7 ||    12
Dodge: Dodged            |    16 |     2 |     9 |    34 ||    61
